AoeStats
← Le Malgache

Four Lakes

503235699Analyzed
2v2 RM · 1mo ago on Aug 30, 2026· 42m 3s· 4 players
Game mode
Random Map
Map size
Medium (4 player)
Population
200
Speed
Normal
Resources
Standard
Victory
Conquest
Starting age
Dark Age
Ending age
Imperial Age
RankedLock teamsTeams togetherTeam positionsShared explorationLock speedFull tech treeHidden civsTurbo modeCheats
Victory
Defeat
🇫🇷 Ethiopians · France
731
+16
🇫🇷 Goths · France
722
+17
🇺🇸 Aztecs · United States
736
-35
🇺🇸 Khmer · United States
736
-35
wisilik
1:05 Loom
10:45 Feudal Age
11:21 Double-Bit Axe
11:32 Horse Collar
17:20 Castle Age
16:17 Fletching
17:28 Gold Mining
17:44 Padded Archer Armor
18:13 Heavy Plow
17:38 Crossbowman
20:52 Bodkin Arrow
22:49 Leather Archer Armor
22:42 Thumb Ring
25:11 Forging
28:25 Wheelbarrow
28:03 Bow Saw
27:47 Stone Mining
27:48 Gold Mining
28:02 Scale Mail Armor
29:04 Squires
29:03 Town Watch
30:51 Iron Casting
30:32 Chain Mail Armor
30:59 Gold Shaft Mining
31:00 Stone Shaft Mining
31:46 Hand Cart
33:50 Arson
34:50 Stone Shaft Mining
37:01 Ballistics
36:52 Masonry
39:52 Imperial Age
39:47 Town Patrol
40:10 Halberdier
40:24 Arbalester
Le Malgache
0:39 Loom
11:30 Feudal Age
12:28 Double-Bit Axe
13:40 Horse Collar
19:34 Castle Age
17:07 Man-at-Arms
18:05 Fletching
20:06 Forging
19:59 Scale Mail Armor
19:40 Long Swordsman
22:06 Squires
29:32 Bodkin Arrow
29:12 Pikeman
33:41 Iron Casting
33:22 Chain Mail Armor
37:17 Heavy Plow
39:34 Bow Saw
44:37 Imperial Age
BamBam
10:50 Feudal Age
18:19 Castle Age
MysterySnailer
14:47 Feudal Age
15:13 Double-Bit Axe
15:08 Horse Collar
21:44 Castle Age
20:36 Gold Mining
21:06 Forging
21:03 Scale Barding Armor
23:47 Gold Shaft Mining
23:15 Heavy Plow
24:28 Husbandry
24:38 Bloodlines
25:14 Iron Casting
24:59 Chain Barding Armor
26:48 Light Cavalry
Connection lost

Rejoining the realm…

Still unreachable

The connection could not be restored.

Session expired

The server has moved on; the page needs a fresh start.